 Dungeon Crawl Stone Soup version 0.19-a0 (webtiles) character file.

650 wvc the Slicer (level 7, -10/36 HPs)
             Began as a Kobold Assassin on Apr 27, 2016.
             Killed by divine providence
             ... invoked by an orc priest
              (15 damage)
             ... on level 5 of the Dungeon.
             The game lasted 00:10:28 (5207 turns).

wvc the Slicer (Kobold Assassin)                    Turns: 5207, Time: 00:10:28

Health: -10/36     AC:  9    Str:  9 (10) XL:     7   Next: 83%
Magic:  7/7        EV: 17    Int:  9 (12) God:
Gold:   282        SH:  0    Dex: 21 (24) Spells: 0 memorised, 6 levels left

rFire  . . .     SeeInvis .     p - +0 rapier (speed)
rCold  + + +     Gourm    .     i - +0 ring mail
rNeg   + + .     Faith    .     (shield restricted)
rPois  .         Spirit   .     y - +3 helmet of the Ditch-Digger {*Corrode rC+++ rN++ Int+3}
rElec  .         Dismiss  .     d - +1 cloak
rCorr  .         Reflect  .     w - +0 pair of gloves
SustAt .         Harm     .     h - +0 pair of boots
MR     .....     Rnd*Rage +     (no amulet)
Stlth  ++++......               (no ring)
                                (no ring)

@: agile, corroded, very slightly contaminated, hasted, very quick, not
resistant to hostile enchantments, stealthy
A: claws 1, berserk 1, carnivore 3, frail 1
a: no special abilities


You were on level 5 of the Dungeon.
You were very full.

You visited 1 branch of the dungeon, and saw 5 of its levels.

You collected 282 gold pieces.

Inventory:

Hand Weapons
 a - a +2 dagger
 b - a +1 blowgun
 m - a +0 hunting sling of velocity
 p - a +0 rapier of speed (weapon)
Missiles
 e - 6 poisoned needles
 f - 2 curare-tipped needles
 n - 77 stones (quivered)
Armour
 d - a +1 cloak (worn)
 h - a +0 pair of boots (worn)
 i - a +0 ring mail (worn)
 w - a +0 pair of gloves (worn)
 y - the +3 helmet of the Ditch-Digger (worn) {*Corrode rC+++ rN++ Int+3}
   (You found it on level 5 of the Dungeon)

   It affects your intelligence (+3).
   It renders you almost immune to cold.
   It greatly protects you from negative energy.
   It may corrode you when you take damage.
Scrolls
 c - 4 scrolls of remove curse
 k - 3 scrolls of teleportation
 q - a scroll of immolation
 r - a scroll of enchant weapon
 t - a scroll of blinking
Potions
 o - a potion of magic {unknown}
 s - 3 potions of mutation
Comestibles
 g - a meat ration
 x - a slice of pizza


   Skills:
 - Level 2.1 Fighting
 + Level 10.6 Short Blades
 - Level 2.1 Throwing
 - Level 1.2 Dodging
 - Level 5.3 Stealth


You had 6 spell levels left.
You didn't know any spells.

Dungeon Overview and Level Annotations

Branches:
Dungeon (5/15)
 Temple: D:4-7

Altars:
Dithmenos
Elyvilon
Gozag
Sif Muna
Trog


Innate Abilities, Weirdness & Mutations

You are small and have problems with some larger weapons.
You are carnivorous and can eat meat at any time.
You have sharp fingernails.
You tend to lose your temper in combat.
You are frail (-10% HP).


Message History

The orc priest is lightly wounded.
You barely miss the orc priest.
The orc priest is lightly wounded.
You closely miss the orc priest.
The orc priest is lightly wounded.
You hit the orc priest but do no damage.
The orc priest is lightly wounded.
The orc wizard barely misses you. The orc priest misses you.
You hit the orc priest.
The orc priest is moderately wounded.
You hit the orc priest but do no damage.
The orc priest is moderately wounded.
You hit the orc priest but do no damage.
The orc priest is moderately wounded.
The orc wizard hits you but does no damage.
You hit the orc priest.
The orc priest is severely wounded.
The orc priest invokes the aid of Beogh against you.
Beogh smites you!
You die...

...#...###. ............
............#
...<.........
...#...####.# ...#...#
#.# ...##### #.# #######
...########.#####ooZ(..#
................@o#
...#####.#[.##.#..#
......##.#..##.#..#
....#..........#..#
......##.#..#..#...
......##>#..#.......
.................####
......###.#.######
###.........#


You could see an orc priest, an orc wizard, an orc and a giant gecko skeleton.

Vanquished Creatures
  The ghost of wvc the Cutter, an amateur KoAs of the Shining One (D:3)
  A howler monkey (D:4)
  A centaur zombie (D:5)
  2 orc priests (D:4)
  4 orc wizards
  A giant frog skeleton (D:4)
  3 worker ants
  6 adders
  4 gnolls
  A shadow imp (D:5)
  An adder skeleton (D:4)
  2 worms
  2 dart slugs (D:1)
  19 orcs
  3 ball pythons
  6 giant cockroaches
  12 goblins
  9 hobgoblins
  9 jackals
  2 quokkas (D:2)
  10 bats
  14 giant newts
  8 kobolds
  10 rats
  A plant (D:4)
132 creatures vanquished.

Notes
Turn   | Place    | Note
--------------------------------------------------------------
     0 | D:1      | wvc the Kobold Assassin began the quest for the Orb.
     0 | D:1      | Reached XP level 1. HP: 12/12 MP: 1/1
    39 | D:1      | Reached skill level 3 in Short Blades
    73 | D:1      | Reached XP level 2. HP: 17/17 MP: 2/2
   182 | D:1      | Reached skill level 4 in Short Blades
   334 | D:1      | Reached XP level 3. HP: 21/21 MP: 3/3
   847 | D:2      | Reached skill level 5 in Short Blades
   999 | D:2      | Reached XP level 4. HP: 21/26 MP: 4/4
  1860 | D:2      | Reached skill level 6 in Short Blades
  2122 | D:3      | Reached XP level 5. HP: 17/30 MP: 5/5
  2337 | D:3      | Noticed wvc's ghost (amateur KoAs)
  2450 | D:3      | Killed wvc's ghost
  2450 | D:3      | Reached skill level 7 in Short Blades
  2479 | D:3      | Reached XP level 6. HP: 14/35 MP: 6/6
  2973 | D:3      | Reached skill level 8 in Short Blades
  3153 | D:3      | Found a deep blue altar of Sif Muna.
  3624 | D:4      | Reached skill level 9 in Short Blades
  3679 | D:4      | Found a shadowy altar of Dithmenos.
  3680 | D:4      | Reached XP level 7. HP: 40/40 MP: 7/7
  4156 | D:4      | Reached skill level 10 in Short Blades
  4459 | D:4      | Noticed a moth of wrath
  4462 | D:4      | Found a bloodstained altar of Trog.
  4783 | D:5      | Entered Level 5 of the Dungeon
  4801 | D:5      | Got a transparent helmet
  4807 | D:5      | Identified the +3 helmet of the Ditch-Digger {*Corrode rC+++ rN++ Int+3} (You found it on level 5 of the Dungeon)
  5109 | D:5      | Found a white marble altar of Elyvilon.
  5136 | D:5      | Found an opulent altar of Gozag.
  5179 | D:5      | Gained mutation: You have sharp fingernails. [potion of mutation]
  5179 | D:5      | Gained mutation: You tend to lose your temper in combat. [potion of mutation]
  5179 | D:5      | Gained mutation: You are frail (-10% HP). [potion of mutation]
  5207 | D:5      | Killed from afar by an orc priest

Vault maps used:
D:1:      dpeg_arrival_simpleton_c
D:2:      dk_noncrumbling_2, guppyfry_early_orc_mine
D:3:      old_standard_altar, first_bread
D:4:      tgw_trog, marbit_many_paths, serial_bayou_lagoon_a,
          corexii_leaking_fountain
D:5:      elyvilon_altar_4, grunt_gozag_breadcrumbs,
          amethyst_overflow_temple_binary

Skill      XL: |  1  2  3  4  5  6  7 |
---------------+----------------------+-----
Short Blades   | 3 4 5 6 7 9 10 | 10.6
Fighting       | |  2.1
Throwing       | |  2.1
Dodging        | |  1.2
Stealth        | |  5.3

Action                   |  1- 3 |  4- 6 |  7- 9 || total
-------------------------+-------+-------+-------++-------
Melee: Dagger            |    99 |   161 |       ||   260
       Rapier            |       |   105 |   183 ||   288
 Fire: Hunting sling     |       |    19 |       ||    19
       Blowgun           |       |     6 |       ||     6
  Use: Scroll            |     5 |     5 |     3 ||    13
       Potion            |       |       |     6 ||     6
 Stab: Sleeping          |     9 |    18 |     4 ||    31
       Distracted        |     1 |       |       ||     1
  Eat: Chunk             |     9 |     8 |     4 ||    21
Armor: Robe              |     2 |       |       ||     2
       Ring mail         |    28 |    58 |    34 ||   120
Dodge: Dodged            |    40 |    87 |    42 ||   169
